 Dungeon Crawl Stone Soup version 0.31-a0-521-gc7390f8997 (webtiles) character file.

Game seed: 12677240158846314977

3 Irreverend the Ruffian (level 1, 13/16 HPs)
             Began as a Draconian Shapeshifter on Aug 11, 2023.
             Quit the game on level 1 of the Dungeon.
             The game lasted 00:00:14 (50 turns).

Irreverend the Ruffian (Draconian Shapeshifter)       Turns: 50, Time: 00:00:14

Health: 13/16      AC:  4    Str: 17    XL:     1   Next: 41%
Magic:  1/1        EV: 12    Int:  8    God:
Gold:   13         SH:  0    Dex: 11    Spells: 0/0 levels left

rFire   . .          .
                       - Unarmed
rCold   . . .        (no shield)
rNeg    . . .        (body armour unavailable)
rPois   .            (helmet currently unavailable)
rElec   .            (cloak currently unavailable)
rCorr   .            (gloves currently unavailable)
SInv    .            (boots currently unavailable)
Will    .....        (no amulet)
Stlth   +            (no ring)
HPRegen 0.22/turn    (no ring)
MPRegen 0.07/turn

%: no passive effects
@: beast-form
A: beast (slay +2), AC +4, unfitting armour, cold-blooded
a: Begin Untransformation


You were on level 1 of the Dungeon.
You were a hulking beast.
You visited 1 branch of the dungeon, and saw 1 of its levels.

You collected 13 gold pieces.

Inventory:

Talismans
 b - a beast talisman (active)
 c - a flux talisman
Potions
 a - a potion of lignification


   Skills:
 + Level 1.2 Fighting
 + Level 1.8 Dodging
 + Level 3.0 Unarmed Combat
 + Level 3.0 Shapeshifting


You couldn't memorise any spells.
You didn't know any spells.
Your spell library was empty.

Dungeon Overview and Level Annotations

Branches:
Dungeon (1/15)

Altars:


Innate Abilities, Weirdness & Mutations

You are a hulking beast.
Your limbs bulge with bestial killing power. (Slay +2)
Your plain brown scales are hard. (AC +4)
You cannot fit into any form of body armour.
You are cold-blooded and may be slowed by cold attacks.


Message History

Welcome, Irreverend the Draconian Shapeshifter.
Below lies the Orb of Zot, rumoured to be powerful enough to resurrect a god...
Press ? for a list of commands and other information.
Found 13 gold pieces.
Found an escape hatch in the floor.
Found a staircase leading out of the dungeon.
There is a dry fountain here.
You now have 13 gold pieces.
A quokka comes into view.
The quokka bites you.
A quokka is nearby!
You hit the quokka.
Your tail-slap misses the quokka.
The quokka is almost dead.
The quokka bites you.
You hit the quokka.
You kill the quokka!
No target in view!
No target in view!
HP restored.
You see here a quokka corpse.
A goblin comes into view. It is wielding a +0 club.
The goblin shouts!
A goblin is nearby!
You hit the goblin but do no damage. The goblin hits you but does no damage.
You barely miss the goblin. The goblin barely misses you.
You closely miss the goblin.
A rat comes into view.
The goblin misses you.
You barely miss the goblin. The goblin hits you with a +0 club.
You hit the goblin but do no damage. The goblin barely misses you.
You hit the goblin.
You kill the goblin!
You completely miss the rat. The rat barely misses you.
You hit the rat.
You kill the rat!
No target in view!
Unknown command.
No target in view!
Are you sure you want to abandon this character and quit the game? (Confirm with "yes".)

######.........
##....#####.##
#####.†##...#
#.......###..#
#######.# #....
#.# ##.. #.# ##
#.#####....
#..h).....#
##.......##
#.#.......
..#$######
.##..# #. ?## .
## .#


There were no monsters in sight!

Vanquished Creatures
  A goblin (D:1)
  A quokka (D:1)
  A rat (D:1)
3 creatures vanquished.

Notes
Turn   | Place    | Note
-------+----------+-------------------------------------------
     0 | D:1      | Irreverend the Draconian Shapeshifter began the quest for
                  | the Orb.
     0 | D:1      | Reached XP level 1. HP: 16/16 MP: 1/1
    50 | D:1      | Quit the game

Illustrated notes

Levels and vault maps discovered:
D:1:      wander_arrival_desolate, layout_rooms, minmay_pentomino_u2

Action                     || total
---------------------------++-------
  Melee: Unarmed           ||    10
 Armour: Skin              ||     1
  Dodge: Dodged            ||     4

Table legend: (Time is in decaauts)
 A = Elapsed time spent in this place.
 B = Non-inter-level travel time spent in this place.
 C = Inter-level travel time spent in this place.
 D = Time resting spent in this place.
 E = Time spent auto-exploring this place.
 F = Levels seen in this place.
 G = Mean time per level.
                   A        B        C        D        E       F      G
               +--------+--------+--------+--------+--------+-----+--------+
         Total |     49 |     49 |      0 |      0 |     36 |   1 |   49.0 |
       Dungeon |     49 |     49 |      0 |      0 |     36 |   1 |   49.0 |
               +--------+--------+--------+--------+--------+-----+--------+

Top non-repeatable levels by time:
     D:1: 49 daAuts
